 Dungeon Crawl Stone Soup version 0.26-a0-1053-gaff5f71418 (webtiles) character file.

Game seed: 15595554572444131321

39 dolemite99 the Shield-Bearer (level 3, 0/26 HPs)
             Began as an Octopode Fighter on Dec 12, 2020.
             Succumbed to an adder's poison
             ... on level 2 of the Dungeon.
             The game lasted 00:01:17 (1626 turns).

dolemite99 the Shield-Bearer (Octopode Fighter)     Turns: 1626, Time: 00:01:17

Health: 0/26       AC:  1    Str: 16    XL:     3   Next: 45%
Magic:  3/3        EV: 11    Int: 10    God:
Gold:   90         SH:  9    Dex: 11    Spells: 2/2 levels left

rFire    . . .     SeeInvis .     - Unarmed
rCold    . . .     Faith    .   a - +0 kite shield
rNeg     . . .     Spirit   .   (helmet restricted)
rPois    .         Reflect  .   (no amulet)
rElec    .         Harm     .   (no ring)
rCorr    .         Rampage  .   (no ring)
Will     .....                  (no ring)
Stlth    ++........             (no ring)
HPRegen  0.08/turn              (no ring)
MPRegen  0.08/turn              (no ring)
                                (no ring)
                                (no ring)

@: lethally poisoned (0 -> -3)
A: almost no armour, stealthy swim, amphibious, 8 rings, constrict 8, camouflage
1, gelatinous body 1
a: no special abilities


You were on level 2 of the Dungeon.
You visited 1 branch of the dungeon, and saw 2 of its levels.

You collected 90 gold pieces.

Inventory:

Hand Weapons
 d - a +0 short sword of flaming
Missiles
 g - 80 sling bullets
Armour
 a - a +0 kite shield (worn)
Potions
 b - a potion of might


   Skills:
 - Level 3.0 Fighting
 - Level 3.0 Dodging
 + Level 3.7 Shields
 + Level 3.0 Unarmed Combat


You had 2 spell levels left.
You didn't know any spells.
Your spell library was empty.

Dungeon Overview and Level Annotations

Branches:
Dungeon (2/15)

Altars:
Yredelemnul


Innate Abilities, Weirdness & Mutations

You cannot wear most types of armour.
You are very stealthy in the water. (Stealth+)
You are amphibious.
You can wear up to eight rings at the same time.
You can use your tentacles to constrict eight enemies at once.
Your skin changes colour to match your surroundings (Stealth+).
Your rubbery body absorbs attacks. (AC +1, EV +1)


Message History

You block the adder's attack.
It was a potion of resistance.
You feel protected.
* * * LOW HITPOINT WARNING * * *
You feel sick. You block the adder's attack.
It was a potion of cancellation.
Your magical effects are unravelling.
You feel magically purged.
You feel yourself slow down.
Your resistance to elements expires.
The adder barely misses you.
You closely miss the adder. Your grab misses the adder.
The adder is almost dead.
The adder bites you.
* * * LOW HITPOINT WARNING * * *
You tentacle-slap the adder.
You kill the adder!
Your Unarmed Combat skill increases to level 3!
You tentacle-slap the frilled lizard. Your grab misses the frilled lizard.
The frilled lizard is heavily wounded.
You die...

#.. #.#
#####(##############
+.....(...........>#
+...(....(.......#.#
###$#.##########...#
# #.# ##..# #†# #..#
#@# #..# #l# ##.#
#r......# #.##
#.......# #..#
#.......# #..##
#.......# #...#
#.......# #....
#.......# ###....
#.......+ ......#.


You could see a frilled lizard and a rat.

Vanquished Creatures
  An adder (D:2)
  A dart slug (D:2)
  4 bats
  A giant cockroach (D:1)
  4 goblins (D:1)
  4 hobgoblins
  3 frilled lizards
  6 kobolds
  4 rats
28 creatures vanquished.

Notes
Turn   | Place    | Note
-------+----------+-------------------------------------------
     0 | D:1      | dolemite99 the Octopode Fighter began the quest for the
                  | Orb.
     0 | D:1      | Reached XP level 1. HP: 16/16 MP: 1/1
   151 | D:1      | Reached XP level 2. HP: 20/21 MP: 2/2
  1369 | D:2      | Found a basalt altar of Yredelemnul.
  1432 | D:2      | Reached XP level 3. HP: 25/26 MP: 3/3
  1624 | D:2      | HP: 1/26 [adder (2)]
  1626 | D:2      | Succumbed to an adder's poison

Illustrated notes

Levels and vault maps discovered:
D:1:      mrwooster_arrival_statue, layout_basic
D:2:      layout_basic, marbit_many_paths, lemuel_round_altar,
          kennysheep_generic_room_12, uniq_jessica, uniq_natasha

Skill      XL: |  1  2  3 |
---------------+----------+-----
Unarmed Combat | 3 |  3.0
Fighting       | |  3.0
Dodging        | |  3.0
Shields        | |  3.7

Action                   || total
-------------------------++-------
Melee: Unarmed           ||    62
       Constrict         ||    17
       Tentacles         ||    12
Throw: Dart              ||    16
       Stone             ||     2
  Use: Potion            ||     4
Armor: Skin              ||     5
Dodge: Dodged            ||    22
Block: Kite shield       ||    23

Table legend: (Time is in decaauts)
 A = Elapsed time spent in this place.
 B = Non-inter-level travel time spent in this place.
 C = Inter-level travel time spent in this place.
 D = Time resting spent in this place.
 E = Time spent auto-exploring this place.
 F = Levels seen in this place.
 G = Mean time per level.
                   A        B        C        D        E       F      G
               +--------+--------+--------+--------+--------+-----+--------+
         Total |   1627 |   1599 |     28 |    395 |    940 |   2 |  813.5 |
       Dungeon |   1627 |   1599 |     28 |    395 |    940 |   2 |  813.5 |
               +--------+--------+--------+--------+--------+-----+--------+

Top non-repeatable levels by time:
     D:1: 1338 daAuts
     D:2: 288 daAuts
